 Dungeon Sprint DCSS version 0.20-a0-1117-g62da73f (webtiles) character file.

67545 potatolord6000 the Slayer (level 15, 0/107 HPs)
             Began as a Gargoyle Fighter on May 9, 2017.
             Was an Initiate of Gozag.
             Slain by a death ooze (1 damage)
             ... while paralysed
             ... in the Dungeon (Sprint V: "Ziggurat Sprint").
             The game lasted 00:34:59 (2770 turns).

potatolord6000 the Slayer (Gargoyle Fighter)        Turns: 2770, Time: 00:35:00

Health: 0/107      AC: 60    Str: 37      XL:     15   Next: 23%
Magic:  15/15      EV:  2    Int: 15 (16) God:    Gozag
Gold:   2007       SH:  0    Dex: 14      Spells: 14/14 levels left

rFire    + . .     SeeInvis .   b - +16 lance "Wyrmbane" {slay drac, rPois rF+ rC+ AC+3}
rCold    + . .     Gourm    .   o - +18 shield of the Gong {rElec rN+ MR+ EV-5}
rNeg     + + .     Faith    .   l - +6 crystal plate armour
rPois    ∞         Spirit   .   D - +1 helmet {Int+3}
rElec    +         Reflect  .   J - +0 cloak {MR+}
rCorr    .         Harm     .   A - +0 pair of gloves {archery}
MR       +++..     NoTele   +   q - +2 pair of boots "Guqet" {rPois Str+7 Int-3}
Stlth    ..........             (no amulet)
Regen    0.0/turn               p - +6 ring of strength
MPRegen  0.2/turn               C - +3 ring of slaying

@: paralysed, brilliant, agile, gold aura, flying, hasted and slowed, studying 4
skills
A: big wings, rugged brown scales 1, deterioration 1, frail 1, negative energy
resistance 1, electricity resistance, inhibited regeneration, unbreathing,
petrification resistance, rot immunity, AC +11
a: Stop Flying, Potion Petition, Call Merchant, Bribe Branch, Renounce Religion


You were in the Dungeon.
You worshipped Gozag.
Gozag was most pleased with you.
You were not hungry.

You visited 1 branch You collected 12995 gold pieces.
You spent 1806 gold pieces at shops.
You paid 9182 gold pieces to Gozag.

Inventory:

Hand Weapons
 b - the +16 lance "Wyrmbane" (weapon) {slay drac, rPois rF+ rC+ AC+3}
   (You found it in the Dungeon)

   It affects your AC (+3).
   It protects you from fire.
   It protects you from cold.
   It protects you from poison.
Armour
 l - a +6 crystal plate armour (worn)
 o - the +18 shield of the Gong (worn) {rElec rN+ MR+ EV-5}
   (You found it in the Dungeon)

   It affects your evasion (-5).
   It insulates you from electricity.
   It protects you from negative energy.
   It affects your resistance to hostile enchantments.
 q - the +2 pair of boots "Guqet" (worn) {rPois Str+7 Int-3}
   (You found it in the Dungeon)

   It affects your strength (+7).
   It affects your intelligence (-3).
   It protects you from poison.
 A - a +0 pair of gloves of archery (worn)
 D - a +1 helmet of intelligence (worn)
 I - a +1 large shield of protection
 J - a +0 cloak of magic resistance (worn)
Jewellery
 p - a +6 ring of strength (left hand)
 C - a +3 ring of slaying (right hand)
Scrolls
 k - 3 scrolls of blinking
 m - 4 scrolls of amnesia
 n - 3 scrolls of recharging
 r - 7 scrolls of fog
 s - a scroll of holy word
 t - 3 scrolls of identify
 u - 5 scrolls of remove curse
 v - 2 scrolls of fear
 H - 4 scrolls of brand weapon
Potions
 d - 2 potions of might
 e - 7 potions of curing
 h - 3 potions of haste
 i - 7 potions of magic
 j - 2 potions of berserk rage
 w - a potion of brilliance
 x - a potion of invisibility
 z - a potion of resistance
 B - 4 potions of agility
Books
 g - a manual of Short Blades
 y - a manual of Dodging
 E - a manual of Transmutations
 K - a manual of Air Magic
Comestibles
 a - 42 fruits
 c - 2 meat rations
 f - 5 bread rations


   Skills:
 + Level 22.0 Fighting
 + Level 19.0 Polearms
 + Level 22.0 Armour
 + Level 21.9 Shields


You had 14 spell levels left.
You didn't know any spells.

Dungeon Overview and Level Annotations

Branches:
Dungeon (1/1)

Altars:
Ashenzari
Cheibriados
Dithmenos
Elyvilon
Fedhas
Gozag
Hepliaklqana
Kikubaaqudgha
Makhleb
Nemelex Xobeh
Okawaru
Qazlal
Ru
Sif Muna
Trog
Uskayaw
Vehumet
Wu Jian
Xom
Yredelemnul
Zin
The Shining One
Beogh
Jiyva
Lugonu

Shops:
D ??[[=[?

Annotations:
D 1 transporter


Innate Abilities, Weirdness & Mutations

You are resistant to torment.
Your stone body is resilient. (AC +11)
You are immune to poison.
Your large and strong wings let you fly indefinitely.
You resist negative energy. (rN+)
You are resistant to electric shocks. (rElec)
You can survive without breathing.
You are immune to petrification.
You are immune to rotting.
You are partially covered in rugged brown scales. (AC +1, +3% HP)
Your body sometimes deteriorates upon taking damage.
You are frail. (-10% HP)
You do not regenerate when monsters are visible.


Message History

The slime creature is moderately wounded.
The death ooze is no longer distracted by gold.
You block the slime creature's attack.
BONNNG!
You hit the slime creature.
The slime creature is heavily wounded.
You are no longer berserk.
You pass out from exhaustion.
You feel yourself slow down.
The goblin is no longer distracted by gold.
The bat hits you but does no damage.
The death ooze hits you but does no damage.
The death ooze hits you.
* * * LOW HITPOINT WARNING * * *
The death ooze hits you!
* * * LOW HITPOINT WARNING * * *
Your body deteriorates!
You feel dopey. The death ooze hits you.
You die...
Your body crumbles into a pile of gold.

▓▓▓▓▓▓▓ ▓▓▓▓▓▓▓▓▓▓
_8_8_8▓
.....8©8......▓.....8©8.
....._▓
..|):[[)"[:)}..▓..[[:))[|
.))..8▓
..}}}|?)|)=)|..▓...=.|.|)
....._▓
...............▓.........
.....8▓
...............▓.........
.}..._▓
...............▓.........
.=...8▓
.......G$J.....▓.........
.|..._▓
......bJ@JJ....▓.........
./...8▓
.......JbJ$....▓..▓......
....._▓
........g$$....▓.▓▓▓.....
.....8▓
...▓.......▓...▓..▓......
....._▓ .. ▓▓.....▓▓
..▓......... _8_8_8▓
...▓.......▓...▓.........
▓▓▓▓▓▓▓
...............▓▓▓▓▓▓▓▓▓▓
...............▓.....8©8.
▓▓▓▓▓▓▓▓▓▓▓▓▓▓▓▓..|)))|[.


You could see a slime creature, a glowing orange brain, 3 death oozes, a jelly,
an ooze, a goblin and 2 bats.

Vanquished Creatures
  3 pandemonium lords (D)
  A shadow dragon (D)
  3 azure jellies (D)
  A draconian scorcher (D)
  A draconian shifter (D)
  An angel (D)
  A blood saint (D)
  An ophan (D)
  An apis (D)
  A green draconian (D)
  A purple draconian (D)
  2 black draconians (D)
  A red draconian (D)
  3 white draconians (D)
  2 death oozes (D)
  2 blizzard demons (D)
  A mummy priest (D)
  A deep elf high priest (D)
  A hell beast (D)
  7 vault guards (D)
  A hydra (D)
  A soul eater (D)
  A deep elf knight (D)
  2 skeletal warriors (D)
  2 cherubim (D)
  A sixfirhy (D)
  2 unseen horrors (shapeshifter) (D)
  A deep elf mage (D)
  An ugly thing (D)
  4 shining eyes (D)
  A faun (shapeshifter) (D)
  4 toenail golems (D)
  A naga mage (D)
  2 eyes of devastation (D)
  2 orange demons (D)
  A spiny frog (D)
  A freezing wraith (D)
  2 komodo dragons (D)
  4 yaktaurs (D)
  2 ice devils (D)
  4 guardian mummies (D)
  2 hellwings (D)
  2 red devils (D)
  A hornet (D)
  5 slime creatures (D)
  A hippogriff (D)
  A blink frog (D)
  3 spriggans (D)
  A water elemental (D)
  An air elemental (D)
  2 ushabtiu (D)
  3 golden eyes (D)
  A yak (D)
  A neqoxec (D)
  3 water moccasins (D)
  A naga (D)
  5 porcupines (D)
  A floating eye (D)
  A black bear (shapeshifter) (D)
  An ice beast (D)
  An ogre (shapeshifter) (D)
  4 wolves (D)
  2 crocodiles (D)
  An earth elemental (D)
  12 jellies (D)
  3 orc priests (D)
  An orc wizard (D)
  10 mummies (D)
  3 adders (D)
  A white imp (D)
  8 oozes (D)
  An adder simulacrum (D)
  A ball python (D)
  A bat skeleton (D)
  A ball python simulacrum (D)
  3 ball python zombies (D)
164 creatures vanquished.

Vanquished Creatures (others)
  A lich (D)
  A spatial maelstrom (D)
  An ooze (D)
3 creatures vanquished.

Grand Total: 167 creatures vanquished

Notes
Turn   | Place    | Note
-------+----------+-------------------------------------------
     0 | D        | potatolord6000 the Gargoyle Fighter began the quest for the Orb.
     0 | D        | Reached XP level 1. HP: 14/14 MP: 1/1
     0 | D        | Found a blossoming altar of Fedhas.
     1 | D        | Found a viscous altar of Jiyva.
     1 | D        | Found an ancient bone altar of Kikubaaqudgha.
     1 | D        | Found a hazy altar of Hepliaklqana.
     1 | D        | Found a corrupted altar of Lugonu.
     1 | D        | Found an opulent altar of Gozag.
     1 | D        | Found a burning altar of Makhleb.
     3 | D        | Banished a spatial maelstrom
    29 | D        | Found a stormy altar of Qazlal.
    29 | D        | Found an iron altar of Okawaru.
    29 | D        | Found a sacrificial altar of Ru.
    29 | D        | Found a sparkling altar of Nemelex Xobeh.
    29 | D        | Found a deep blue altar of Sif Muna.
    29 | D        | Found a bloodstained altar of Trog.
   174 | D        | Became a worshipper of Gozag Ym Sagoz the Greedy
   183 | D        | Reached skill level 5 in Fighting
   183 | D        | Reached skill level 5 in Armour
   183 | D        | Reached skill level 5 in Shields
   183 | D        | Reached XP level 2. HP: 21/21 MP: 2/2
   186 | D        | Entered arena 2.
   186 | D        | Noticed a porcupine
   186 | D        | Noticed a yak
   191 | D        | Killed a porcupine
   191 | D        | Reached skill level 5 in Polearms
   191 | D        | Reached XP level 3. HP: 28/28 MP: 3/3
   191 | D        | Reached XP level 4. HP: 32/32 MP: 4/4
   193 | D        | Killed a yak
   193 | D        | Reached XP level 5. HP: 39/39 MP: 5/5
   193 | D        | Reached XP level 6. HP: 44/44 MP: 6/6
   207 | D        | Entered arena 3.
   207 | D        | Noticed a floating eye
   209 | D        | Killed a floating eye
   227 | D        | Entered arena 4.
   231 | D        | Reached XP level 7. HP: 50/50 MP: 7/7
   264 | D        | Entered arena 5.
   264 | D        | Noticed a toenail golem
   264 | D        | Noticed a toenail golem
   264 | D        | Noticed a toenail golem
   264 | D        | Noticed a toenail golem
   269 | D        | Killed a toenail golem
   269 | D        | Reached skill level 10 in Fighting
   274 | D        | Killed a toenail golem
   274 | D        | Reached skill level 10 in Armour
   274 | D        | Reached skill level 10 in Shields
   274 | D        | Reached XP level 8. HP: 58/58 MP: 8/8
   278 | D        | Killed a toenail golem
   285 | D        | Killed a toenail golem
   285 | D        | Reached XP level 9. HP: 64/64 MP: 9/9
   312 | D        | Entered arena 6.
   343 | D        | Entered arena 7.
   343 | D        | Noticed a spriggan rider
   370 | D        | Reached skill level 10 in Polearms
   378 | D        | Killed a hornet
   406 | D        | Got the amulet "Toguock" {Harm *Drain MR+ Int+2}
   415 | D        | Entered arena 8.
   415 | D        | Noticed a deep elf mage
   415 | D        | Noticed a deep elf high priest
   415 | D        | Noticed a deep elf knight
   432 | D        | Killed a deep elf mage
   432 | D        | Reached XP level 10. HP: 36/72 MP: 10/10
   439 | D        | Killed a deep elf high priest
   446 | D        | Killed a deep elf knight
   647 | D        | Entered arena 9.
   647 | D        | Noticed a naga mage
   659 | D        | Killed a naga mage
   697 | D        | Got the +2 pair of boots "Guqet" {rPois Str+7 Int-3}
   713 | D        | Bought a +1 helmet of intelligence for 247 gold pieces
   720 | D        | Entered arena 10.
   720 | D        | Noticed a shining eye
   720 | D        | Noticed an eye of devastation
   730 | D        | Killed a shining eye
   739 | D        | Killed an eye of devastation
   824 | D        | Entered arena 11.
   824 | D        | Noticed a purple ugly thing
   824 | D        | Noticed a shining eye
   824 | D        | Noticed a shining eye
   824 | D        | Noticed a faun
   829 | D        | Killed a faun
   829 | D        | Reached XP level 11. HP: 80/80 MP: 11/11
   831 | D        | Gained mutation: You are partially covered in rugged brown scales. (AC +1, +3% HP) [a shining eye]
   836 | D        | Killed a shining eye
   841 | D        | Gained mutation: You do not regenerate when monsters are visible. [a shining eye]
   843 | D        | Killed a shining eye
   849 | D        | Killed a purple ugly thing
   852 | D        | Killed an unseen horror
   857 | D        | Killed an unseen horror
   864 | D        | Reached skill level 15 in Fighting
   896 | D        | Got the ring "Doanlunu" {rCorr Dex+3 Stlth+}
   902 | D        | Bought a scroll of enchant armour for 127 gold pieces
   916 | D        | Entered arena 12.
   916 | D        | Noticed a white draconian
   916 | D        | Noticed a white draconian
   916 | D        | Noticed a red draconian
   916 | D        | Noticed a green draconian
   916 | D        | Noticed a black draconian
   917 | D        | Noticed a black draconian
   917 | D        | Noticed a white draconian
   917 | D        | Noticed a purple draconian
   917 | D        | Noticed a green draconian shifter
   919 | D        | Noticed a yellow draconian scorcher
   924 | D        | HP: 1/83 [purple draconian/bolt of dispelling energy (30)]
   934 | D        | Killed a yellow draconian scorcher
   934 | D        | Reached skill level 15 in Armour
   934 | D        | Reached skill level 15 in Shields
   945 | D        | Killed a white draconian
   950 | D        | Killed a white draconian
   959 | D        | Killed a red draconian
   965 | D        | Killed a black draconian
   965 | D        | Reached XP level 12. HP: 20/90 MP: 12/12
   972 | D        | Killed a green draconian
   975 | D        | Killed a black draconian
   984 | D        | Killed a white draconian
   997 | D        | Killed a purple draconian
  1008 | D        | Killed a green draconian shifter
  1014 | D        | Got the amulet "Duvvuo" {Harm *Drain +Fly rPois rC++ Int-5}
  1153 | D        | Entered arena 13.
  1154 | D        | Noticed a blizzard demon
  1172 | D        | Killed a blizzard demon
  1297 | D        | Entered arena 14.
  1299 | D        | Noticed an azure jelly
  1299 | D        | Noticed an azure jelly
  1312 | D        | Killed an azure jelly
  1312 | D        | Reached skill level 15 in Polearms
  1312 | D        | Reached XP level 13. HP: 79/99 MP: 13/13
  1320 | D        | Killed an azure jelly
  1679 | D        | Bought a +0 large shield of protection for 149 gold pieces
  1712 | D        | Bought an embroidered cloak for 225 gold pieces
  1712 | D        | Bought a pair of pitted boots for 285 gold pieces
  1713 | D        | Identified the +1 pair of boots of Serendipity {rF+ Int+10} (You bought it in a shop in the Dungeon)
  1745 | D        | Entered arena 15.
  1746 | D        | Noticed a vault guard
  1746 | D        | Noticed a vault guard
  1746 | D        | Noticed a vault guard
  1746 | D        | Noticed a shadow dragon
  1746 | D        | Noticed a vault guard
  1747 | D        | Noticed a vault guard
  1747 | D        | Noticed a lich
  1747 | D        | Noticed a vault guard
  1750 | D        | Noticed a vault guard
  1753 | D        | Killed a vault guard
  1759 | D        | Killed a vault guard
  1770 | D        | Killed a shadow dragon
  1773 | D        | Killed a vault guard
  1778 | D        | Killed a vault guard
  1780 | D        | Killed a vault guard
  1787 | D        | Killed a vault guard
  1789 | D        | Killed a vault guard
  1792 | D        | Killed a lich
  1839 | D        | Entered arena 16.
  1840 | D        | Noticed Dararois the pandemonium lord
  1841 | D        | Noticed Omiw the pandemonium lord
  1841 | D        | Noticed a blizzard demon
  1841 | D        | Noticed Batav the pandemonium lord
  1849 | D        | Noticed a gelid blood saint
  1870 | D        | Killed Dararois the pandemonium lord
  1870 | D        | Gained mutation: Your large and strong wings let you fly indefinitely. [Gargoyle growth]
  1870 | D        | Reached XP level 14. HP: 110/110 MP: 14/14
  1889 | D        | Killed Batav the pandemonium lord
  1961 | D        | Killed Omiw the pandemonium lord
  2230 | D        | Bought a scroll of acquirement for 676 gold pieces
  2247 | D        | Entered arena 17.
  2331 | D        | Entered arena 18.
  2334 | D        | Noticed an ophan
  2334 | D        | Noticed an angel
  2352 | D        | Killed an angel
  2356 | D        | Noticed an apis
  2370 | D        | Killed an ophan
  2379 | D        | Killed an apis
  2390 | D        | Reached XP level 15. HP: 104/118 MP: 15/15
  2469 | D        | Bought a scroll of enchant armour for 97 gold pieces
  2474 | D        | Entered arena 19.
  2573 | D        | Got the ring "Anag" {MP+9 Stlth+}
  2711 | D        | Entered arena 20.
  2716 | D        | Noticed an azure jelly
  2755 | D        | Gained mutation: Your body sometimes deteriorates upon taking damage. [a shining eye]
  2758 | D        | Gained mutation: You are frail. (-10% HP) [a shining eye]
  2768 | D        | Killed an azure jelly
  2770 | D        | HP: 1/107 [death ooze (14)]
  2770 | D        | Slain by a death ooze

Vault maps used:
D:        sprint_v

Skill      XL: |  1  2  3  4  5  6  7  8  9 10 11 12 13 14 15 |
---------------+----------------------------------------------+-----
Fighting       | 5 6 7 8 10 11 12 14 16 17 19 21 22 | 22.0
Polearms       | 3 5 6 7 8 9 10 12 13 15 17 18 19 | 19.0
Armour         | 5 6 7 8 10 11 12 14 16 17 19 21 22 | 22.0
Shields        | 5 6 7 8 10 11 12 14 16 17 19 21 | 21.9

Action                   |  1- 3 |  4- 6 |  7- 9 | 10-12 | 13-15 || total
-------------------------+-------+-------+-------+-------+-------++-------
Melee: Lance             |     3 |     8 |    78 |   228 |   389 ||   706
Invok: Call Merchant     |       |       |     1 |     2 |     4 ||     7
       Potion Petition   |       |       |       |     1 |     2 ||     3
 Abil: Fly               |       |       |       |       |     1 ||     1
  Use: Potion            |     3 |       |     4 |    11 |    19 ||    37
       Scroll            |       |       |       |     1 |     6 ||     7
 Stab: Invisible         |       |       |       |       |     4 ||     4
       Distracted        |       |       |       |       |     2 ||     2
  Eat: Meat ration       |       |       |       |     1 |     1 ||     2
Armor: Crystal plate arm |       |       |    24 |   111 |   151 ||   286
Dodge: Dodged            |       |       |     3 |    19 |    38 ||    60
Block: Shield            |     5 |     2 |    81 |   289 |   588 ||   965
